 Dungeon Crawl Stone Soup version 0.22-b1-21-g5cfc168 (webtiles) character file.

188 tyranidshit the Skirmisher (level 5, -1/46 HPs)
             Began as a Demonspawn Abyssal Knight on Aug 2, 2018.
             Was a Believer of Lugonu.
             Slain by a gnoll (3 damage)
             ... on level 3 of the Dungeon.
             The game lasted 00:04:52 (2108 turns).

tyranidshit the Skirmisher (DsAK)                   Turns: 2108, Time: 00:04:53

Health: -1/46      AC:  5    Str: 13    XL:     5   Next: 39%
Magic:  6/6        EV:  9    Int: 13    God:    Lugonu [**....]
Gold:   111        SH:  3    Dex: 13    Spells: 4/4 levels left

rFire    . . .     SeeInvis .   g - +0 war axe
rCold    . . .     Gourm    .   e - +0 buckler
rNeg     . . .     Faith    .   f - +0 ring mail
rPois    .         Spirit   .   (helmet restricted)
rElec    .         Reflect  .   (no cloak)
rCorr    .         Harm     .   (no gloves)
MR       .....                  (no boots)
Stlth    +.........             (no amulet)
HPRegen  0.15/turn              (no ring)
MPRegen  0.10/turn              (no ring)

@: hasted, very quick
A: horns 2
a: Depart the Abyss, Bend Space, Renounce Religion


You were on level 3 of the Dungeon.
You worshipped Lugonu.
Lugonu was pleased with you.
You were hungry.

You visited 1 branch of the dungeon, and saw 3 of its levels.
You visited the Abyss 1 time.

You collected 111 gold pieces.

Inventory:

Hand Weapons
 a - a +1 hand axe
 g - a +0 war axe (weapon)
Armour
 b - a +1 leather armour
 e - a +0 buckler (worn)
 f - a +0 ring mail (worn)
Jewellery
 d - a -3 ring of slaying
Wands
 m - a wand of polymorph (10)
Scrolls
 i - 2 scrolls of amnesia
 j - a scroll of teleportation
 l - a scroll of enchant armour
 n - a scroll of identify
Potions
 h - a potion of flight
Comestibles
 c - a ration


   Skills:
 - Level 6.0 Fighting
 - Level 1.7 Axes
 + Level 1.9 Armour
 - Level 0.8 Dodging
 + Level 0.3 Shields
 - Level 2.4 Invocations


You had 4 spell levels left.
You didn't know any spells.
Your spell library was empty.

Dungeon Overview and Level Annotations

Branches:
Dungeon (3/15)

Altars:
Cheibriados
Okawaru


Innate Abilities, Weirdness & Mutations

You have a pair of horns on your head.


Message History

The gnoll throws a stone.
The stone hits you. The gnoll hits you.
Found an iron altar of Okawaru.
There is an open door here.
Things that are here:
5 stones; a kobold corpse You barely miss the gnoll.
The gnoll hits you!
* * * LOW HITPOINT WARNING * * *
You barely miss the gnoll. The gnoll barely misses you.
You barely miss the gnoll. You headbutt the gnoll.
The gnoll is moderately wounded.
The gnoll completely misses you. The gnoll hits you.
* * * LOW HITPOINT WARNING * * *
Unknown command.
You feel yourself speed up. The gnoll hits you.
* * * LOW HITPOINT WARNING * * *
You closely miss the gnoll. You headbutt the gnoll!
The gnoll is severely wounded.
The gnoll hits you.
You die...

### #... ##_## #...
.≈.≈# #... ##≈.≈.
##.# .≈(≈## #.#
##≈.≈.############.#
#.≈!≈##............#
#≈g≈.#.############
#@###(# #((((.#
#######


You could see a gnoll.

Vanquished Creatures
  Natasha (thrice) (D:2)
  A gnoll (D:3)
  6 adders
  A worm (D:3)
  2 dart slugs
  A leopard gecko (D:3)
  3 bats
  4 giant cockroaches (D:1)
  5 goblins
  2 hobgoblins
  5 jackals
  5 frilled lizards
  8 kobolds
  3 rats
49 creatures vanquished.

Notes
Turn   | Place    | Note
-------+----------+-------------------------------------------
     0 | Abyss:1  | tyranidshit the Demonspawn Abyssal Knight began the quest for the Orb.
     0 | Abyss:1  | Reached XP level 1. HP: 18/18 MP: 2/2
    36 | Abyss:1  | Noticed a smoke demon
    37 | D:1      | Escaped the Abyss
    72 | D:1      | Found a snail-covered altar of Cheibriados.
    86 | D:1      | Reached * piety under Lugonu
   307 | D:1      | Gained mutation: You have a pair of small horns on your head. [demonic ancestry]
   307 | D:1      | Reached XP level 2. HP: 6/24 MP: 3/3
   993 | D:1      | Reached skill level 4 in Fighting
  1154 | D:2      | Reached XP level 3. HP: 19/31 MP: 4/4
  1164 | D:2      | Noticed Natasha
  1172 | D:2      | Killed Natasha
  1231 | D:2      | Gained mutation: You have a pair of horns on your head. [demonic ancestry]
  1231 | D:2      | Reached XP level 4. HP: 21/38 MP: 5/5
  1270 | D:2      | Noticed Natasha
  1272 | D:2      | Reached skill level 5 in Fighting
  1280 | D:2      | Killed Natasha
  1294 | D:2      | Noticed Natasha
  1675 | D:2      | Killed Natasha
  1831 | D:2      | Reached XP level 5. HP: 46/46 MP: 6/6
  2021 | D:3      | Reached skill level 6 in Fighting
  2043 | D:3      | Reached ** piety under Lugonu
  2103 | D:3      | Found an iron altar of Okawaru.
  2107 | D:3      | HP: 2/46 [gnoll (1)]
  2108 | D:3      | Slain by a gnoll

Skill      XL: |  1  2  3  4  5 |
---------------+----------------+-----
Fighting       | 4 5 6 |  6.0
Axes           | |  1.7
Armour         | |  1.9
Dodging        | |  0.8
Shields        | |  0.3
Invocations    | |  2.4

Action                   |  1- 3 |  4- 6 || total
-------------------------+-------+-------++-------
Melee: Hand axe          |    75 |    23 ||    98
       Headbutt          |     6 |    13 ||    19
       War axe           |       |    50 ||    50
Invok: Depart the Abyss  |     1 |       ||     1
  Use: Scroll            |     2 |     5 ||     7
       Potion            |     1 |     1 ||     2
  Eat: Ration            |     1 |       ||     1
Armor: Leather armour    |    27 |     8 ||    35
       Ring mail         |       |    27 ||    27
Dodge: Dodged            |    53 |    58 ||   111
Block: Buckler           |       |     7 ||     7
